 Dungeon Crawl Stone Soup version 0.18-a0-1731-g08f49a8 (webtiles) character file.

13048 vortex the Destroyer (level 11, -2/64 HPs)
             Began as a Deep Elf Wizard on Apr 11, 2016.
             Was a Priest of Vehumet.
             Killed from afar by a gargoyle (8 damage)
             ... with a stone arrow
             ... on level 10 of the Dungeon.
             The game lasted 01:23:15 (18826 turns).

vortex the Destroyer (Deep Elf Wizard)             Turns: 18826, Time: 01:23:16

Health: -2/64      AC: 21    Str:  4    XL:     11   Next: 70%
Magic:  1/27       EV: 12    Int: 27    God:    Vehumet [***...]
Gold:   829        SH:  9    Dex: 19    Spells: 7 memorised, 13 levels left

rFire  x . .     SeeInvis .     K - +2 dagger (protect)
rCold  + + .     Gourm    .     s - +3 leather armour "Fiqups" {rElec rF- rC+ Dex+6}
rNeg   + . .     Faith    .     X - +3 buckler
rPois  .         Spirit   .     u - +2 helmet
rElec  +         Dismiss  .     L - +0 cloak "Wahaixib" {rC+}
rCorr  .         Reflect  .     (no gloves)
SustAt .         Harm     .     q - +2 pair of boots {run}
MR     ++...                    y - macabre finger necklace {rN+}
Stlth  ++........               p - +3 ring of protection
                                Q - ring of wizardry
                                i - ring of protection from magic

@: repel missiles, quick, very resistant to hostile enchantments, unstealthy
A: no striking features
a: Renounce Religion


You were on level 10 of the Dungeon.
You worshipped Vehumet.
Vehumet was most pleased with you.
You were not hungry.

You visited 2 branches of the dungeon, and saw 11 of its levels.
You also visited: Sewer.

You collected 829 gold pieces.

Inventory:

Hand Weapons
 K - a +2 dagger of protection (weapon)
Missiles
 a - 4 tomahawks (quivered)
Armour
 b - the +0 robe of Articulation {rPois Int+4}
   (You found it on level 6 of the Dungeon)

   It affects your intelligence (+4).
   It protects you from poison.
 q - a +2 pair of boots of running (worn)
 s - the +3 leather armour "Fiqups" (worn) {rElec rF- rC+ Dex+6}
   (You found it on level 10 of the Dungeon)

   It affects your dexterity (+6).
   It makes you vulnerable to fire.
   It protects you from cold.
   It insulates you from electricity.
 u - a +2 helmet (worn)
 L - the +0 cloak "Wahaixib" (worn) {rC+}
   (You found it on level 6 of the Dungeon)

   It protects you from cold.
 X - a +3 buckler (worn)
Magical Staves
 Y - an uncursed staff of conjuration
Jewellery
 i - a ring of protection from magic (on amulet)
 p - a +3 ring of protection (right hand)
 y - the macabre finger necklace (around neck) {rN+}
   (You found it on level 6 of the Dungeon)

   [amulet of nothing]

   It protects you from negative energy.
 E - a +6 ring of slaying
 G - an uncursed ring of see invisible
 Q - a ring of wizardry (left hand)
 T - an uncursed ring of sustain attributes
Wands
 n - a wand of heal wounds (5/9)
 r - a wand of lightning (0/15)
 B - a wand of lightning (7/15)
 C - a wand of paralysis (0/24)
 F - a wand of acid (0/15)
 H - a wand of slowing (18/48)
Scrolls
 j - 3 scrolls of identify
 k - 5 scrolls of fear
 l - a scroll of recharging {unknown}
 m - a scroll of blinking
 t - 4 scrolls of magic mapping
 v - a scroll of amnesia {unknown}
 w - 4 scrolls of teleportation
 I - a scroll of enchant armour
 O - 4 scrolls of remove curse
 S - a scroll of fog {unknown}
 V - a scroll of noise {unknown}
Potions
 e - 2 potions of haste
 f - 2 potions of flight
 h - 5 potions of curing
 x - a potion of cure mutation
 z - a potion of invisibility {unknown}
 A - 3 potions of heal wounds
 D - 4 potions of agility
 J - 3 potions of might
 P - a potion of degeneration {unknown}
 R - a potion of brilliance {unknown}
Books
 c - a book of Minor Magic

   Spells                             Type                      Level
   a - Magic Dart                     Conjuration                  1
   b - Blink                          Translocation                2
   c - Call Imp                       Summoning                    2
   d - Repel Missiles                 Charms/Air                   2
   e - Slow                           Hexes                        2
   f - Conjure Flame                  Conjuration/Fire             3
   g - Mephitic Cloud                 Conjuration/Poison/Air       3
 U - a book of Enchantments

   Spells                             Type                      Level
   a - Cause Fear                     Hexes                        4
   b - Yara's Violent Unravelling     Hexes/Transmutation          5
   c - Silence                        Hexes/Air                    5
   d - Deflect Missiles               Charms/Air                   6
   e - Haste                          Charms                       6
   f - Discord                        Hexes                        8
Miscellaneous
 g - a stone of tremors
 N - a disc of storms
Comestibles
 d - 7 bread rations
 o - 7 fruits
 M - 5 beef jerkies
 W - a meat ration
 Z - 9 royal jellies


   Skills:
 + Level 6.2 Fighting
 - Level 2.4 Dodging
 - Level 2.4 Stealth
 - Level 4.2 Shields
 + Level 10.7 Spellcasting
 * Level 11.4 Conjurations
 + Level 4.4 Charms
   Level 1.1 Summonings
 - Level 1.1 Translocations
 + Level 7.6 Fire Magic
 + Level 7.4 Evocations


You had 13 spell levels left.
You knew the following spells:

 Your Spells              Type           Power        Failure   Level  Hunger
a - Magic Dart            Conj           ####         1%          1    None
b - Conjure Flame         Conj/Fire      ######..     1%          3    None
e - Flame Tongue          Conj/Fire      #####        1%          1    None
m - Mephitic Cloud        Conj/Pois/Air  #####...     1%          3    None
v - Deflect Missiles      Chrm/Air       ####......   99%         6    #####..
x - Blink                 Tloc           N/A          4%          2    None
y - Repel Missiles        Chrm/Air       ####..       2%          2    None


Dungeon Overview and Level Annotations

Branches:
Dungeon (10/15)            Temple (1/1) D:7            Lair (0/8) D:10
    Orc (0/2) D:10

Altars:
Ashenzari
Cheibriados
Dithmenos
Elyvilon
Fedhas
Gozag
Kikubaaqudgha
Makhleb
Nemelex Xobeh
Okawaru
Pakellas
Qazlal
Ru
Sif Muna
Trog
Vehumet
Xom
Yredelemnul
Zin
The Shining One

Annotations:
D:6 2 runed doors


Message History

The gargoyle hurls a stone arrow at you.
The stone arrow misses you.
Casting: Magic Dart
Confirm with . or Enter, or press ? or * to list all spells.
Aiming: Magic Dart
Press: ? - help, Shift-Dir - straight line, f/p - gargoyle
Aim: a gargoyle, wielding a mace (heavily damaged)
The magic dart hits the gargoyle.
The gargoyle is severely damaged.
Casting: Magic Dart
Confirm with . or Enter, or press ? or * to list all spells.
Aiming: Conjure Flame
Press: ? - help, Dir - move target cursor, p - gargoyle The fire roars with new energy!
The gargoyle hurls a stone arrow at you.
The stone arrow hits you!
* * * LOW HITPOINT WARNING * * *
The gargoyle hurls a stone arrow at you.
The stone arrow hits you!
You die...

#..........## #.......##.../...
#####.#.....# #.......##......[
#.......###......9##....>..
#..##.#...>..####§##.......
#..#..#......# #....######
#..#.##......# #....# ##
######.....(..9...# #....# #.
#.)........#.#§#######....#####.
#......#.#.....@............#...
#......#.#.#...######...###.#.#.
#..............(...##...###.#...
#.......###......#####....#.###.
######.............######.#.....
#...##.........<...9.......
#...##........######.......
#...##.###....# #.......
######.###....# #..#.(..


You could see a gargoyle.

Vanquished Creatures
  3 unseen horrors (D:10)
  3 hill giants
  The ghost of vortex the Destroyer, a novice DEWz of Vehumet (D:7)
  A cyclops (D:10)
  2 centaur zombies (D:10)
  A two-headed ogre (D:10)
  3 trolls
  17 yaks (D:10)
  A hungry ghost (D:10)
  A hippogriff (D:8)
  2 soldier ants (D:10)
  3 ice beasts
  4 orc warriors
  A black bear (D:6)
  A wasp (D:10)
  A necrophage (D:10)
  4 phantoms
  4 ogres
  A sky beast (D:6)
  3 centaurs
  4 big kobolds
  5 giant frogs
  2 gnoll sergeants
  3 scorpions
  3 troll zombies (D:10)
  6 wights (D:10)
  2 howler monkeys (D:7)
  4 crimson imps
  5 jellies
  5 centaur skeletons
  2 giant frog zombies (D:7)
  2 hounds
  5 orc priests
  9 orc wizards
  A giant frog skeleton (D:5)
  A gnoll shaman (D:7)
  2 iguanas
  12 worker ants
  4 ogre zombies (D:10)
  A worker ant zombie (D:8)
  2 hound skeletons (D:7)
  A howler monkey zombie (D:8)
  10 gnolls
  16 adders
  7 river rats
  3 shadow imps
  4 oozes
  An adder zombie (D:6)
  5 worms
  4 dart slugs
  13 giant geckos
  32 orcs
  9 ball pythons
  8 bats
  8 giant cockroaches
  9 goblins
  4 hobgoblins
  16 jackals
  30 kobolds
  3 quokkas
  A ball python skeleton (D:4)
  A giant gecko zombie (D:7)
  3 giant newts
  3 goblin zombies (D:10)
  2 hobgoblin skeletons (D:10)
  4 hobgoblin zombies (D:10)
  2 orc skeletons (D:10)
  14 orc zombies (D:10)
  30 rats
380 creatures vanquished.

Notes
Turn   | Place    | Note
--------------------------------------------------------------
     0 | D:1      | vortex the Deep Elf Wizard began the quest for the Orb.
     0 | D:1      | Reached XP level 1. HP: 10/10 MP: 7/7
   292 | D:1      | Reached XP level 2. HP: 16/16 MP: 7/9
   296 | D:1      | Learned a level 2 spell: Blink
   299 | D:1      | Learned a level 2 spell: Repel Missiles
   470 | D:1      | Reached skill level 2 in Conjurations
   668 | D:1      | Reached skill level 1 in Fighting
   886 | D:2      | Reached XP level 3. HP: 20/20 MP: 6/11
   893 | D:2      | Learned a level 3 spell: Conjure Flame
   897 | D:2      | Learned a level 3 spell: Mephitic Cloud
   990 | D:2      | Reached skill level 5 in Spellcasting
  1425 | D:2      | Found a blossoming altar of Fedhas.
  1520 | D:2      | Reached XP level 4. HP: 23/25 MP: 4/13
  1766 | D:2      | Reached skill level 3 in Conjurations
  2835 | D:3      | Reached XP level 5. HP: 30/30 MP: 7/14
  3064 | D:4      | Found a shadowy altar of Dithmenos.
  3254 | D:4      | Reached skill level 1 in Fire Magic
  3504 | D:4      | Reached skill level 1 in Evocations
  3580 | D:4      | Reached skill level 1 in Shields
  3667 | D:4      | Found a bloodstained altar of Trog.
  3841 | D:5      | Entered Level 5 of the Dungeon
  3843 | D:5      | Noticed an ice beast
  3855 | D:5      | Killed an ice beast
  3855 | D:5      | Reached skill level 4 in Conjurations
  3855 | D:5      | Reached XP level 6. HP: 35/35 MP: 2/16
  4021 | D:5      | Found a deep blue altar of Sif Muna.
  4267 | D:5      | Found a shattered altar of Ashenzari.
  4726 | D:5      | Reached XP level 7. HP: 28/40 MP: 8/18
  4953 | D:5      | Identified a +1 pair of boots of running (You found it on level 5 of the Dungeon)
  5244 | D:6      | Found a sparkling altar of Nemelex Xobeh.
  5264 | D:6      | Reached skill level 5 in Conjurations
  5518 | D:6      | Found a glowing drain.
  5531 | Sewer    | Entered a sewer
  7020 | D:6      | Found a large runed door.
  7020 | D:6      | Found a large runed door.
  7084 | D:6      | Found a shadowy altar of Dithmenos.
  7101 | D:6      | Reached XP level 8. HP: 45/45 MP: 7/19
  7362 | D:6      | Found a large runed door.
  7362 | D:6      | Found a large runed door.
  7364 | D:6      | Got a fine robe
  7375 | D:6      | Identified the +0 robe of Articulation {rPois Int+4} (You found it on level 6 of the Dungeon)
  7377 | D:6      | Noticed a hill giant
  7562 | D:6      | Killed a hill giant
  7562 | D:6      | Reached skill level 6 in Conjurations
  8159 | D:6      | Got an ichor-stained cloak
  8165 | D:6      | Identified the cursed +0 cloak "Wahaixib" {rC+} (You found it on level 6 of the Dungeon)
  8299 | D:6      | Reached skill level 7 in Conjurations
  8299 | D:6      | Reached XP level 9. HP: 51/51 MP: 7/22
  9064 | D:6      | Noticed a troll
  9064 | D:6      | Noticed a troll
  9077 | D:6      | Killed a troll
  9181 | D:5      | Killed a troll
  9181 | D:5      | Reached skill level 8 in Conjurations
  9967 | D:7      | Found a staircase to the Ecumenical Temple.
  9975 | Temple   | Entered the Ecumenical Temple
 10590 | D:7      | Noticed vortex's ghost (novice DEWz)
 10592 | D:7      | Reached skill level 5 in Fire Magic
 10608 | D:7      | Killed vortex's ghost
 10813 | D:7      | Reached XP level 10. HP: 58/58 MP: 9/24
 10815 | D:7      | Reached skill level 9 in Conjurations
 11843 | D:8      | Reached skill level 5 in Evocations
 12781 | D:8      | Found a glowing silver altar of Zin.
 12833 | D:8      | Found a radiant altar of Vehumet.
 12841 | D:8      | Became a worshipper of Vehumet
 13073 | D:8      | Reached skill level 5 in Fighting
 13332 | D:8      | Found a basalt altar of Yredelemnul.
 14115 | D:9      | Found a stormy altar of Qazlal.
 14839 | D:9      | Noticed a hill giant
 14867 | D:9      | Killed a hill giant
 15075 | D:10     | Entered Level 10 of the Dungeon
 15075 | D:10     | Found a staircase to the Orcish Mines.
 15102 | D:10     | Reached * piety under Vehumet
 15102 | D:10     | Offered knowledge of Flame Tongue by Vehumet.
 15102 | D:10     | Reached skill level 10 in Conjurations
 15209 | D:9      | Learned a level 1 spell: Flame Tongue
 15274 | D:10     | Noticed a gargoyle
 15440 | D:10     | Learned a level 6 spell: Deflect Missiles
 15444 | D:10     | Noticed an unseen horror
 15459 | D:10     | Killed an unseen horror
 15459 | D:10     | Reached skill level 1 in Charms
 15660 | D:10     | Reached skill level 10 in Spellcasting
 15665 | D:10     | Reached XP level 11. HP: 56/64 MP: 15/27
 15848 | D:10     | Offered knowledge of Sting by Vehumet.
 15873 | D:10     | Reached ** piety under Vehumet
 16068 | D:10     | Got a twisted leather armour
 16083 | D:10     | Identified the +3 leather armour "Fiqups" {rElec rF- rC+ Dex+6} (You found it on level 10 of the Dungeon)
 16298 | D:10     | Found a staircase to the Lair.
 16303 | D:10     | Noticed a hill giant
 16327 | D:10     | Killed a hill giant
 16532 | D:10     | Offered knowledge of Throw Flame by Vehumet.
 16577 | D:10     | Noticed an unseen horror
 16588 | D:10     | Killed an unseen horror
 17068 | D:10     | Reached skill level 11 in Conjurations
 17304 | D:10     | Reached *** piety under Vehumet
 18231 | D:10     | Noticed an unseen horror
 18241 | D:10     | Killed an unseen horror
 18826 | D:10     | Killed from afar by a gargoyle

Vault maps used:
D:1:      dpeg_arrival_radiant
D:2:      fedhas_altar_2
D:3:      kennysheep_big_flooded_room, minmay_box_of_dots
D:4:      lightli_temple_of_fire, first_bread, nicolae_dithmenos_shadow_blocks
D:5:      lemuel_crystal_altar, kennysheep_mini, nicolae_zen_rock_garden
D:6:      lemuel_round_altar, portal_sewer_entry_e, basic_altar,
          minmay_hollow_rounded_squares
D:8:      marbit_many_paths, vehumet_crystals, kennysheep_little_box
D:9:      grunt_qazlal_sundering
D:10:     lair_0_dummy, zombieorc2_lemuel, hangedman_pestilent_swarm
Temple:   triangle_lava_temple_11
Sewer:    sewer_minmay_treatment

Skill      XL: |  1  2  3  4  5  6  7  8  9 10 11 |
---------------+----------------------------------+-----
Conjurations   | 2 3 4 5 7 8 10 11 | 11.4
Fighting       | 1 2 3 4 5 6 |  6.2
Spellcasting   | 5 6 7 8 10 | 10.7
Fire Magic     | 1 2 3 5 6 7 |  7.6
Evocations     | 1 2 3 4 6 7 |  7.4
Shields        | 1 3 4 |  4.2
Charms         | 1 4 |  4.4
Dodging        | |  2.4
Stealth        | |  2.4
Summonings     | |  1.1
Translocations | |  1.1

Action                   |  1- 3 |  4- 6 |  7- 9 | 10-12 || total
-------------------------+-------+-------+-------+-------++-------
Melee: Falchion          |       |       |     9 |       ||     9
       Dagger            |       |       |     8 |    24 ||    32
Throw: Tomahawk          |       |       |       |     8 ||     8
       Javelin           |       |       |       |     2 ||     2
 Cast: Magic Dart        |    91 |   184 |   469 |   408 ||  1152
       Conjure Flame     |     1 |    10 |    32 |    57 ||   100
       Repel Missiles    |     1 |       |     1 |     3 ||     5
       Blink             |       |     1 |     4 |     6 ||    11
       Mephitic Cloud    |       |       |     8 |    28 ||    36
       Flame Tongue      |       |       |       |   306 ||   306
Evoke: Wand              |       |       |    11 |     4 ||    15
       Stone of tremors  |       |       |       |     1 ||     1
  Use: Scroll            |       |     6 |     9 |    11 ||    26
       Potion            |       |       |     1 |     2 ||     3
 Stab: Paralysed         |       |       |     1 |     1 ||     2
  Eat: Chunk             |     2 |     8 |     8 |     8 ||    26
       Pizza             |       |     1 |       |     1 ||     2
       Royal jelly       |       |       |     1 |       ||     1
       Bread ration      |       |       |     2 |     2 ||     4
       Meat ration       |       |       |       |     1 ||     1
       Beef jerky        |       |       |       |     1 ||     1
